AoeStats
← silence

Black Forest

504983764Analyzed
4v4 RM · 25d ago on Sep 7, 2026· 44m 18s· 8 players
Game mode
Random Map
Map size
Large (8 player)
Population
200
Speed
Normal
Resources
Standard
Victory
Conquest
Starting age
Dark Age
Ending age
Imperial Age
RankedLock teamsTeams togetherTeam positionsShared explorationLock speedFull tech treeHidden civsTurbo modeCheats
Victory
Defeat
1354
+12
🇨🇳 Romans · China
1329
+28
🇨🇳 Inca · China
1317
+14
🇨🇳 Mongols · China
1128
+21
🇩🇪 Malay · Germany
1283
-16
🇹🇷 Aztecs · Türkiye
1268
-15
🇹🇷 Koreans · Türkiye
1266
-15
🇬🇧 Italians · United Kingdom
1224
-14
FirstPine3880
7:59 Loom
12:34 Feudal Age
16:26 Castle Age
15:05 Scale Barding Armor
14:54 Double-Bit Axe
15:46 Fishing Lines
16:20 Scale Barding Armor
19:40 Horse Collar
20:57 Bow Saw
21:48 Light Cavalry
24:37 Bloodlines
24:28 Husbandry
28:38 Gillnets
29:37 Wheelbarrow
29:06 Heavy Plow
30:51 Stone Mining
30:52 Gold Mining
33:13 Fortified Wall
33:17 Masonry
35:40 Imperial Age
34:49 Ballistics
34:44 Fletching
34:55 Padded Archer Armor
36:50 Silk Road
35:51 Elite Genoese Crossbowman
36:55 Conscription
36:38 Bodkin Arrow
36:58 Leather Archer Armor
38:31 Stone Shaft Mining
42:27 Chemistry
41:29 Bracer
42:01 Ring Archer Armor
[BPGr] AynenOyle
5:04 Loom
12:28 Feudal Age
13:07 Double-Bit Axe
13:08 Horse Collar
19:01 Castle Age
17:04 Stone Mining
19:40 Fletching
20:18 Bow Saw
21:16 Bodkin Arrow
23:27 Fishing Lines
25:12 Wheelbarrow
29:18 Imperial Age
28:18 Ballistics
27:54 Murder Holes
28:38 Masonry
28:53 Heavy Plow
30:10 Stone Shaft Mining
31:19 Chemistry
32:16 Conscription
chakar
12:09 Feudal Age
15:56 Castle Age
13:56 Fishing Lines
14:12 Double-Bit Axe
14:58 Horse Collar
18:27 Bow Saw
18:34 Heavy Plow
20:18 Stone Mining
21:46 Wheelbarrow
22:42 Hand Cart
22:40 Gold Mining
24:44 Loom
25:45 Fletching
28:31 Imperial Age
26:58 Gold Shaft Mining
27:33 Bodkin Arrow
27:49 Forging
28:05 Ballistics
29:19 Bracer
30:23 Chemistry
29:29 Siege Engineers
31:00 Crop Rotation
31:08 Caravan
31:29 Padded Archer Armor
31:34 Squires
31:05 Crossbowman
31:52 Arbalester
32:51 Leather Archer Armor
32:22 Man-at-Arms
39:34 Conscription
40:51 Iron Casting
40:42 Garland Wars
42:46 Scale Mail Armor
43:46 Blast Furnace
Skipper
1:44 Loom
12:07 Feudal Age
12:13 Double-Bit Axe
14:30 Fishing Lines
19:53 Castle Age
20:03 Gillnets
22:33 Horse Collar
26:34 Wheelbarrow
26:12 Heavy Plow
28:15 Gold Mining
28:36 Bow Saw
31:39 Imperial Age
29:00 Town Watch
30:21 Hand Cart
31:06 Gold Shaft Mining
30:59 Town Patrol
32:11 Chemistry
32:29 Siege Engineers
33:54 Husbandry
34:33 Elite Battle Elephant
35:27 Forging
35:23 Scale Barding Armor
37:57 Iron Casting
40:48 Blast Furnace
40:21 Conscription
41:38 Stone Mining
41:52 Caravan
silence
0:46 Loom
15:05 Feudal Age
18:45 Castle Age
17:07 Double-Bit Axe
18:06 Horse Collar
18:26 Gold Mining
19:06 Town Watch
26:19 Ballistics
28:01 Bow Saw
27:54 Heavy Plow
30:16 Wheelbarrow
30:22 Wheelbarrow
31:37 Fortified Wall
32:06 Redemption
32:53 Hand Cart
37:51 Imperial Age
37:09 Masonry
36:35 Pikeman
37:16 Squires
37:36 Scale Mail Armor
38:28 Forging
38:33 Chain Mail Armor
38:14 Halberdier
39:27 Architecture
39:57 Iron Casting
41:05 Chemistry
40:28 Block Printing
40:25 Fervor
39:52 Capped Ram
41:00 Siege Ram
41:51 Siege Engineers
44:04 Blast Furnace
45:14 Gold Shaft Mining
44:30 Stone Mining
45:11 Crop Rotation
偷猪的简笔
0:44 Loom
12:29 Feudal Age
13:39 Double-Bit Axe
16:12 Castle Age
17:19 Bow Saw
17:25 Town Watch
21:58 Horse Collar
23:22 Fishing Lines
24:40 Wheelbarrow
25:20 Gold Mining
29:49 Imperial Age
27:47 Scale Mail Armor
27:10 Champi Runner
27:51 Squires
28:40 Forging
28:46 Champi Warrior
30:50 Iron Casting
30:48 Chain Mail Armor
29:56 Capped Ram
30:17 Elite Champi Warrior
32:32 Plate Mail Armor
33:24 Iron Casting
33:10 Fabric Shields
34:17 Hand Cart
35:49 Blast Furnace
35:28 Conscription
36:29 Arson
37:32 Fletching
38:36 Elite Kamayuk
42:15 Bodkin Arrow
The_Centaur
10:01 Feudal Age
10:51 Double-Bit Axe
13:48 Castle Age
14:51 Bow Saw
14:57 Horse Collar
22:44 Wheelbarrow
23:44 Gold Mining
24:46 Hand Cart
25:29 Gold Shaft Mining
24:52 Stone Mining
26:24 Heavy Plow
29:16 Imperial Age
26:32 Loom
27:22 Ballistics
27:07 Padded Archer Armor
26:58 Fletching
28:48 Stone Shaft Mining
28:20 Bodkin Arrow
28:41 Leather Archer Armor
28:47 Town Watch
30:03 Bloodlines
29:53 Husbandry
29:32 Elite Mangudai
30:33 Conscription
31:25 Chemistry
31:01 Bracer
31:52 Thumb Ring
32:13 Parthian Tactics
32:45 Drill
33:58 Hoardings
34:38 Hoardings
35:20 Caravan
37:05 Coinage
35:59 Capped Ram
37:52 Siege Engineers
37:59 Masonry
37:44 Murder Holes
39:05 Banking
38:11 Siege Ram
超级地球の守护者
2:31 Loom
11:43 Feudal Age
15:41 Castle Age
14:18 Double-Bit Axe
17:18 Wheelbarrow
18:10 Horse Collar
23:52 Bow Saw
24:59 Gold Mining
26:41 Hand Cart
27:14 Stone Mining
27:25 Heavy Plow
30:13 Imperial Age
27:57 Padded Archer Armor
28:04 Scale Barding Armor
27:54 Fishing Lines
28:02 Town Watch
29:05 Leather Archer Armor
29:00 Forging
29:14 Town Patrol
29:54 Stone Shaft Mining
31:26 Chain Barding Armor
31:41 Iron Casting
31:37 Bloodlines
31:27 Husbandry
30:49 Cavalier
32:12 Ring Archer Armor
31:58 Gillnets
33:14 Two-Man Saw
33:20 Chemistry
32:40 Ballistics
32:46 Conscription
34:21 Plate Barding Armor
34:47 Blast Furnace
33:57 Paladin
36:42 Hoardings
36:03 Arrowslits
36:47 Murder Holes
38:02 Bombard Tower
38:53 Masonry
41:09 Architecture
40:33 Fletching
Connection lost

Rejoining the realm…

Still unreachable

The connection could not be restored.

Session expired

The server has moved on; the page needs a fresh start.